 Dungeon Crawl Stone Soup version 0.29.0-4-gdea44cf6ec (webtiles) character file.

Game seed: 3215178903951181621

51 qw the Sneak (level 3, -7/23 HPs)
             Began as a Gargoyle Delver on Sept 10, 2022.
             Mangled by a gnoll
             ... wielding a +0 flail
              (10 damage)
             ... on level 3 of the Dungeon.
             The game lasted 00:00:24 (1405 turns).

qw the Sneak (Gargoyle Delver)                      Turns: 1405, Time: 00:00:25

Health: -7/23      AC:  6    Str: 17    XL:     3   Next: 81%
Magic:  3/3        EV: 11    Int: 10    God:
Gold:   75         SH:  0    Dex: 11    Spells: 2/2 levels left

rFire   . . .      SeeInvis .   a - +0 hand axe
rCold   . . .      Faith    .   (no shield)
rNeg    + . .      Spirit   .   b - +0 leather armour
rPois   inf        Reflect  .   (no helmet)
rElec   +          Harm     .   (no cloak)
rCorr   .          Rampage  .   (no gloves)
Will    .....                   (no boots)
Stlth   +++.......              (no amulet)
HPRegen 0.07/turn               (no ring)
MPRegen 0.08/turn               (no ring)

@: no status effects
A: sickness immunity, AC +3, negative energy resistance 1, electricity
resistance, torment resistance 1, petrification resistance
a: no special abilities


You were on level 3 of the Dungeon.
You visited 1 branch of the dungeon, and saw 3 of its levels.

You collected 75 gold pieces.


Innate Abilities, Weirdness & Mutations

You are immune to sickness and miasma.
Your stone body is resilient. (AC +3)
You are immune to poison.
You resist negative energy. (rN+)
You are resistant to electric shocks. (rElec)
You are resistant to unholy torment.
You are immune to petrification.


   Skills:
 - Level 3.2 Fighting
 + Level 3.6 Axes
 - Level 1.5 Dodging
 - Level 5.4 Stealth


You had 2 spell levels left.
You didn't know any spells.
Your spell library was empty.

Inventory:

Hand Weapons
 a - a +0 hand axe (weapon)
Armour
 b - a +0 leather armour (worn)
Jewellery
 i - a +4 ring of evasion
Wands
 g - a wand of digging (3)
Scrolls
 c - a scroll of amnesia {unknown}
Potions
 d - a potion of lignification {unknown}
 e - a potion of heal wounds {unknown}
 f - a potion of haste
 h - a potion of curing {unknown}

Dungeon Overview and Level Annotations

Branches:
Dungeon (5/15)
 Temple: D:4-7

Altars:
Fedhas

Shops:
D:5 *


Message History

You barely miss the jackal.
The jackal is moderately wounded.
You barely miss the jackal. You hit the bat but do no damage.
The bat hits you but does no damage. The jackal closely misses you. x2
The jackal barely misses you.
You hit the jackal.
You kill the jackal!
You hit the jackal but do no damage. The bat barely misses you.
The jackal bites you but does no damage.
You hit the jackal.
The jackal is heavily wounded.
The bat closely misses you. The jackal barely misses you. x2
You miss the jackal.
The jackal is heavily wounded.
You hit the jackal. You hit the bat.
You kill the bat!
The jackal misses you. The gnoll barely misses you. The jackal bites you.
The jackal bites you but does no damage.
You hit the jackal.
You kill the jackal!
You barely miss the jackal. The jackal bites you.
The gnoll hits you from afar with a +1 spear of pain.
The jackal completely misses you.
You hit the jackal.
You kill the jackal!
The gnoll throws a boomerang.
The boomerang hits you.
The gnoll throws a boomerang.
The boomerang barely misses you.
You hit the gnoll but do no damage. The gnoll misses you.
You barely miss the gnoll. You hit the gnoll. The gnoll misses you.
The gnoll hits you with a +1 spear of pain.
The gnoll closely misses you.
You hit the gnoll.
The gnoll is moderately wounded.
You completely miss the gnoll. The gnoll closely misses you.
The gnoll hits you with a +0 flail!
You die...

##.##...#.#
........#.#
..........#
#..####.###
####.###
#......#
####.#.#
#..#%#######
##%.@g......
.}...'..g#######
...###...# .
#.### #.# #. #'
..


You could see 2 gnolls.

Vanquished Creatures
  3 adders
  A worm (D:3)
  A dart slug (D:3)
  4 bats (D:3)
  An endoplasm (D:3)
  2 goblins (D:3)
  4 jackals (D:3)
  A quokka (D:3)
  A ball python (D:3)
18 creatures vanquished.

Notes
Turn   | Place    | Note
-------+----------+-------------------------------------------
     0 | D:5      | qw the Gargoyle Delver began the quest for the Orb.
     0 | D:5      | Reached XP level 1. HP: 14/14 MP: 1/1
     0 | D:5      | 0 ||| qw: Version: 0.1-a-116-g5d60599
     0 | D:5      | 0 ||| qw: Game counter: 9373
     0 | D:5      | 0 ||| qw: Always use a shield: true
     0 | D:5      | 0 ||| qw: God list: Okawaru
     0 | D:5      | 0 ||| qw: Allow faded altars: false
     0 | D:5      | 0 ||| qw: Do Orc after D:15 true
     0 | D:5      | 0 ||| qw: Do second Lair branch before Depths: true
     0 | D:5      | 0 ||| qw: Lair rune preference: random
     0 | D:5      | 0 ||| qw: Plans: Normal
     0 | D:5      | 0 ||| PLANNING D:1-11
    10 | D:5      | Found Guyly Yza's Overcharged Wands.
    48 | D:5      | 48 ||| DROPPING scroll of fog.
    49 | D:5      | 49 ||| DROPPING scroll of magic mapping.
    50 | D:5      | 50 ||| DROPPING scroll of fear.
    65 | D:4      | Reached XP level 2. HP: 13/19 MP: 2/2
   378 | D:3      | HP: 2/19 [adder (3)]
   381 | D:3      | Reached skill level 3 in Axes
   381 | D:3      | Reached XP level 3. HP: 2/23 MP: 3/3
   528 | D:3      | 528 ||| Stepping ~*~*~tactically~*~*~ (stealth).
   529 | D:3      | 529 ||| Stepping ~*~*~tactically~*~*~ (stealth).
  1123 | D:3      | 1123 ||| Stepping ~*~*~tactically~*~*~ (hiding).
  1189 | D:3      | Found a blossoming altar of Fedhas.
  1401 | D:3      | HP: 3/23 [gnoll/boomerang (4)]
  1405 | D:3      | Mangled by a gnoll

Levels and vault maps discovered:
D:3:      layout_loops_corners, fedhas_altar_2, serial_shops,
          nicolae_diamond_shop, grunt_ministairs_14, chequers_mini_garden
D:4:      layout_basic, nicolae_overflow_hallway_of_the_gods,
          serial_corexii_hall, corexii_hall_statues_x, corexii_hall_statues_x,
          chequers_hall_statues_y, corexii_hall_statues_s, roderic_batcave
D:5:      layout_gridville, nicolae_shop_overcharged_wands

Skill      XL: |  1  2 |
---------------+-------+-----
Axes           | 2 3 |  3.6
Fighting       | |  3.2
Dodging        | |  1.5
Stealth        | |  5.4

Action                   || total
-------------------------++-------
Melee: Hand axe          ||    86
       Punch             ||     1
Armor: Leather armour    ||    32
Dodge: Dodged            ||    77

Table legend:
 A = Non-vault XP
 B = Vault XP
 C = Vault XP percentage of total XP
 D = Non-vault monster count
 E = Vault monster count
 F = Vault count percentage of total count
                 A         B        C        D         E       F
            +---------+---------+-------+---------+---------+-------
      Total |      63 |      10 |  13.7 |      13 |       5 |  27.8
            +---------+---------+-------+---------+---------+-------
        D:3 |      36 |      10 |  21.7 |      11 |       5 |  31.2
        D:4 |      27 |       0 |   0.0 |       2 |       0 |   0.0
            +---------+---------+-------+---------+---------+-------
